 Dungeon Crawl Stone Soup version 0.17-a0-1714-g35622ae (webtiles) character file.

994 karlkraus the Shield-Bearer (level 7, 0/61 HPs)
             Began as a Minotaur Fighter on Aug 23, 2015.
             Slain by Pikel
             ... wielding a +0 whip of electrocution
              (6 damage)
             ... on level 5 of the Dungeon.
             The game lasted 00:07:24 (3489 turns).

karlkraus the Shield-Bearer (Minotaur Fighter)      Turns: 3489, Time: 00:07:24

Health: 0/61       AC:  7    Str: 21    XL:     7   Next: 99%
Magic:  6/6        EV:  7    Int:  5    God:
Gold:   284        SH: 16    Dex: 11    Spells: 0 memorised, 6 levels left

rFire  . . .     SeeInvis .     a - +0 flail
rCold  . . .     Clarity  .     b - +0 scale mail
rNeg   . . .     SustAt   .     p - +0 large shield
rPois  .         Gourm    .     (helmet restricted)
rElec  .         Spirit   .     (no cloak)
rCorr  .         Warding  .     (no gloves)
rMut   .         Stasis   .     (no boots)
MR     .....                    (no amulet)
Stlth  ..........               (no ring)
                                (no ring)

@: not resistant to hostile enchantments, extremely unstealthy
A: retaliatory headbutt, horns 2
a: no special abilities


You were on level 5 of the Dungeon.
You were very hungry.

You visited 1 branch of the dungeon, and saw 5 of its levels.

You collected 284 gold pieces.

Inventory:

Hand weapons
 a - a +0 flail (weapon)
Armour
 b - a +0 scale mail (worn)
 p - a +0 large shield (worn)
Scrolls
 i - 2 scrolls of remove curse
 u - a scroll of blinking
 v - a scroll of fog
Potions
 d - a potion of might
 g - 2 potions of heal wounds
 j - a potion of resistance
 k - a potion of invisibility {unknown}
 n - a potion of degeneration {unknown}
 o - a potion of cure mutation {unknown}
 r - a potion of flight {unknown}
 x - a potion of brilliance {unknown}
 A - a potion of curing {unknown}
Books
 t - a Necronomicon

   Spells                             Type                      Level
   a - Haunt                          Necromancy/Summoning         7
   b - Borgnjor's Revivification      Necromancy                   8
   c - Death's Door                   Charms/Necromancy            8
   d - Necromutation                  Transmutation/Necromancy     8
Comestibles
 e - 3 bread rations
 h - 3 meat rations
 q - 2 fruits


   Skills:
 + Level 5.3 Fighting
 + Level 5.4 Maces & Flails
 + Level 5.9 Armour
 + Level 3.1 Dodging
 + Level 0.1 Stealth
 + Level 7.6 Shields


You had 6 spell levels left.
You didn't know any spells.

Dungeon Overview and Level Annotations

Branches:
Dungeon (5/15)
 Temple: D:4-7

Altars:

Annotations:
D:5 Pikel


Innate Abilities, Weirdness & Mutations

You reflexively headbutt those who attack you in melee.
You have a pair of horns on your head.


Message History

Pikel is heavily wounded.
Pikel hits you with a whip of electrocution.
* * * LOW HITPOINT WARNING * * *
You are electrocuted!
* * * LOW HITPOINT WARNING * * *
You block Pikel's attack.
You miss Pikel.
Pikel is heavily wounded.
You block Pikel's attack.
Your shield prevents you from hitting Pikel.
You headbutt Pikel!
Pikel is severely wounded.
Pikel barely misses you.
You hit Pikel.
Pikel is almost dead.
You block Pikel's attack.
You closely miss Pikel. You headbutt Pikel.
Pikel is almost dead.
Pikel hits you with a whip of electrocution.
You die...

...##p # ...K#
.#.###.#.#
.......#l######
... ....... ..#
.#..##...####.#
...........##.#
.#.......#p##.#
######..pppK@#
####l#### #.#
#.# ... ###


You could see Pikel, 4 slaves and a giant newt.

Vanquished Creatures
  The ghost of bohran the Slasher, an average DsBe of Trog (D:4)
  A sky beast (D:5)
  2 ogres (D:4)
  Blork the orc (D:4)
  A big kobold (D:3)
  2 hounds (D:4)
  A giant frog zombie (D:5)
  2 orc wizards
  5 gnolls (D:3)
  5 adders
  An ooze (D:2)
  7 giant geckos
  19 orcs
  A ball python (D:1)
  6 giant cockroaches
  35 goblins
  24 hobgoblins
  9 kobolds
  2 quokkas
  3 bats
  5 giant newts
  A jackal skeleton (D:4)
  7 rats
141 creatures vanquished.

Notes
Turn   | Place    | Note
--------------------------------------------------------------
     0 | D:1      | karlkraus the Minotaur Fighter began the quest for the Orb.
     0 | D:1      | Reached XP level 1. HP: 19/19 MP: 0/0
   169 | D:1      | Reached XP level 2. HP: 21/27 MP: 1/1
   457 | D:1      | Reached skill level 4 in Shields
   769 | D:2      | Reached XP level 3. HP: 31/33 MP: 2/2
   802 | D:2      | Reached skill level 1 in Dodging
   891 | D:2      | Reached XP level 4. HP: 40/40 MP: 3/3
  1629 | D:3      | Noticed a big kobold
  1698 | D:3      | Killed a big kobold
  1698 | D:3      | Reached skill level 5 in Shields
  1698 | D:3      | Reached XP level 5. HP: 9/47 MP: 4/4
  1995 | D:3      | Reached skill level 5 in Armour
  2332 | D:3      | Reached XP level 6. HP: 53/53 MP: 5/5
  2834 | D:4      | Noticed bohran's ghost (average DsBe)
  2836 | D:4      | Noticed Blork the orc
  2842 | D:4      | Killed bohran's ghost
  2842 | D:4      | Reached skill level 5 in Fighting
  2842 | D:4      | Reached skill level 6 in Shields
  2842 | D:4      | Reached XP level 7. HP: 50/61 MP: 6/6
  2846 | D:4      | Killed Blork the orc
  3254 | D:4      | Reached skill level 5 in Maces & Flails
  3254 | D:4      | Reached skill level 7 in Shields
  3276 | D:5      | Entered Level 5 of the Dungeon
  3294 | D:5      | Noticed Pikel
  3489 | D:5      | Slain by Pikel

Vault maps used:
D:1:      dpeg_arrival_short_road
D:3:      minmay_goblin_kobold_castle, first_bread
D:4:      uniq_blork_the_orc
D:5:      uniq_edmund, uniq_pikel

Action                   |  1- 3 |  4- 6 |  7- 9 || total
-------------------------+-------+-------+-------++-------
Melee: Flail             |    75 |   226 |    75 ||   376
  Use: Potion            |       |     1 |       ||     1
       Scroll            |       |       |     9 ||     9
  Eat: Chunk             |       |     5 |     2 ||     7
       Fruit             |       |     1 |       ||     1
